 Dungeon Crawl Stone Soup version 0.31.0-9-g3a7656b989 (webtiles) character file.

Game seed: 8397460258318793446

224 qw the Shooter (level 5, 0/25 HPs)
             Began as a Spriggan Hunter on Feb 2, 2024.
             Slain by an orc
             ... wielding a +0 flail
              (3 damage)
             ... on level 3 of the Dungeon.
             The game lasted 00:00:05 (1722 turns).

qw the Shooter (Spriggan Hunter)                    Turns: 1722, Time: 00:00:06

Health: 0/25       AC:  2    Str:  7    XL:     5   Next: 67%
Magic:  6/6        EV: 20    Int: 11    God:
Gold:   54         SH:  0    Dex: 20    Spells: 4/4 levels left

rFire   . . .        a - +1 shortbow
rCold   . . .        (shield currently unavailable)
rNeg    . . .        c - +0 robe
rPois   .            (helmet restricted)
rElec   .            (no cloak)
rCorr   .            (gloves unavailable)
SInv    +            (boots unavailable)
Will    .....        (no amulet)
Stlth   ++           (no ring)
HPRegen 0.24/turn    (no ring)
MPRegen 0.10/turn

%: no passive effects
@: very quick
A: very small, no large weapons, unfitting armour, see invisible, speed 3
a: no special abilities


You were on level 3 of the Dungeon.
You visited 1 branch of the dungeon, and saw 3 of its levels.

You collected 54 gold pieces.


Innate Abilities, Weirdness & Mutations

You are very small and have problems with some larger weapons.
You are too small for most types of armour.
You have supernaturally acute eyesight. (SInv)
You cover ground extremely quickly. (Speed+++)


   Skills:
 - Level 1.5 Fighting
 - Level 6.2 Ranged Weapons
 + Level 4.8 Dodging
 - Level 1.5 Stealth


You had 4 spell levels left.
You didn't know any spells.
Your spell library was empty.

Inventory:

Hand Weapons
 a - a +1 shortbow (weapon)
Armour
 c - a +0 robe (worn)
Potions
 b - a potion of enlightenment {unknown}
 d - a potion of curing {unknown}
 e - a potion of resistance
 f - a potion of haste {unknown}
 i - a potion of invisibility {unknown}
 j - a potion of magic {unknown}

Dungeon Overview and Level Annotations

Branches:
Dungeon (3/15)

Altars:
Dithmenos

Shops:
D:1 :

Annotations:
D:2 1 runed translucent door, Crazy Yiuf


Message History

The orc hits you with a +0 flail.
You shoot an arrow. The arrow hits the adder.
You kill the adder!
The ball python completely misses you. The ball python barely misses you.
The orc misses you. The kobold barely misses you.
You shoot an arrow. The arrow hits the ball python!
You kill the ball python!
The orc misses you. The kobold completely misses you.
The ball python bites you but does no damage.
The ball python grabs you. The ball python constricts you.
You shoot an arrow. The arrow hits the ball python.
The ball python is heavily wounded.
The ball python closely misses you. The ball python constricts you.
The orc hits you with a +0 flail!
The endoplasm jiggles.
The kobold misses you.
You shoot an arrow. The arrow hits the ball python.
The ball python is heavily wounded.
The ball python closely misses you. The ball python constricts you.
The orc hits you with a +0 flail. The frilled lizard closely misses you.
The kobold barely misses you.
You shoot an arrow. The arrow hits the ball python.
You kill the ball python!
The orc misses you. The frilled lizard closely misses you.
The kobold closely misses you.
You shoot an arrow. The arrow hits the rat!
You kill the rat!
The orc barely misses you.
The frilled lizard completely misses you.
The hobgoblin misses you. The kobold misses you.
You shoot an arrow. The arrow hits the endoplasm!
You kill the endoplasm!
You feel a little less clever now. The orc completely misses you.
The hobgoblin closely misses you. The kobold misses you.
The frilled lizard completely misses you.
You shoot an arrow.
The arrow completely misses the endoplasm.
The orc hits you with a +0 flail.
You die...

#########
........#
........# #.
........#####...
#.^...........
..#.<..glJ...%..
.......<@o.#
##.......K.#
##........#
.............
...............
##...#.##.......
#...#. #.#....
#...## .#....


You could see an orc, an endoplasm, a hobgoblin, a kobold and a frilled lizard.

Vanquished Creatures
  Sigmund (D:2)
  A gnoll (D:1)
  An adder (D:3)
  A ribbon worm (D:3)
  5 bats
  4 endoplasms
  2 giant cockroaches
  4 goblins (D:2)
  6 hobgoblins
  6 ball pythons
  A frilled lizard (D:2)
  4 kobolds
  3 rats
39 creatures vanquished.

Notes
Turn   | Place    | Note
-------+----------+-------------------------------------------
     0 | D:1      | qw the Spriggan Hunter began the quest for the Orb.
     0 | D:1      | Reached XP level 1. HP: 10/10 MP: 2/2
     0 | D:1      | 0 ||| qw: Version: 0.3-a-155-g5e7d8dd
     0 | D:1      | 0 ||| qw: Game counter: 980
     0 | D:1      | 0 ||| qw: Melee chars always use a shield: true
     0 | D:1      | 0 ||| qw: God list: Okawaru
     0 | D:1      | 0 ||| qw: Allow faded altars: false
     0 | D:1      | 0 ||| qw: Do Orc after clearing Dungeon:15 true
     0 | D:1      | 0 ||| qw: Do second Lair branch before Depths: true
     0 | D:1      | 0 ||| qw: Lair rune preference: random
     0 | D:1      | 0 ||| qw: Goals: Normal
     0 | D:1      | 0 ||| PLANNING D:1-11
    84 | D:1      | Reached skill level 3 in Dodging
   278 | D:1      | Reached XP level 2. HP: 12/14 MP: 3/3
   610 | D:1      | Found a faded altar of an unknown god.
   633 | D:1      | Found Ixotsa's Book Boutique.
   778 | D:1      | 778 ||| READING scroll labelled JUFRYTYXTU.
   778 | D:1      | 778 ||| IDENTIFYING puce potion
   779 | D:1      | 779 ||| READING scroll labelled WELYUSS OSTAIS.
   780 | D:1      | 780 ||| READING scroll labelled MIR IMNAITOPSY.
   781 | D:1      | 781 ||| READING scroll labelled ETOL POUJUSAO.
   782 | D:1      | 782 ||| DROPPING scroll of butterflies.
   886 | D:2      | Noticed Sigmund
   904 | D:2      | HP: 2/14 [goblin/sling bullet (4)]
   906 | D:2      | Killed Sigmund
   907 | D:2      | Reached skill level 6 in Ranged Weapons
   907 | D:2      | Reached XP level 3. HP: 3/18 MP: 4/4
   907 | D:2      | Reached XP level 4. HP: 3/22 MP: 5/5
   907 | D:2      | Reached XP level 5. HP: 4/25 MP: 6/6
  1271 | D:2      | Found a shadowy altar of Dithmenos.
  1497 | D:2      | Found a runed translucent door.
  1498 | D:2      | Noticed Crazy Yiuf
  1589 | D:2      | 1589 ||| READING scroll labelled FEXOWK TIEP.
  1589 | D:2      | 1589 ||| ENCHANTING +0 shortbow.
  1590 | D:2      | 1590 ||| READING scroll labelled AFA AGAOBU.
  1674 | D:2      | 1674 ||| DRINKING 2 red potions.
  1675 | D:2      | 1675 ||| DROPPING potion of brilliance.
  1718 | D:3      | HP: 2/25 [orc/+0 flail (6)]
  1722 | D:3      | Slain by an orc

Levels and vault maps discovered:
D:1:      wander_arrival_desolate, layout_loops_corners,
          ebering_ecumenical_altar_webs, serial_shops, shop
D:2:      layout_loops_ring, basic_altar, nrook_mini_backslash,
          uniq_crazy_yiuf_cottage, uniq_sigmund
D:3:      layout_rooms, gammafunk_ghost_mausoleum, minmay_misc_feat_pillars,
          minmay_guardbox

Skill      XL: |  1  2 |
---------------+-------+-----
Dodging        | 4 |  4.8
Ranged Weapons | 6 |  6.2
Fighting       | |  1.5
Stealth        | |  1.5

Action                     |  1- 3 |  4- 6 || total
---------------------------+-------+-------++-------
   Fire: Shortbow          |    69 |    45 ||   114
    Use: Scroll            |     4 |     2 ||     6
         Potion            |       |     1 ||     1
 Armour: Robe              |     7 |     9 ||    16
  Dodge: Dodged            |    35 |    29 ||    64

Table legend:
 A = Non-vault XP
 B = Vault XP
 C = Vault XP percentage of total XP
 D = Non-vault monster count
 E = Vault monster count
 F = Vault count percentage of total count
                 A         B        C        D         E       F
            +---------+---------+-------+---------+---------+-------
      Total |      67 |     253 |  79.1 |      33 |       6 |  15.4
            +---------+---------+-------+---------+---------+-------
        D:1 |      33 |       0 |   0.0 |      13 |       0 |   0.0
        D:2 |      32 |     231 |  87.8 |      19 |       1 |   5.0
        D:3 |       2 |      22 |  91.7 |       1 |       5 |  83.3
            +---------+---------+-------+---------+---------+-------
